Map: 이터널 엠파이어 - 래더

Players

Patience

  • Race: Protoss Protoss
  • Spawn Location: 1:00

Maru - Winner!

  • Race: Terran Terran
  • Spawn Location: 7:00

Event: IEM Katowice 2020

VOD

Have the link to the VOD?

Description

Time

  • Played on: Feb. 28, 2020, 6:04 a.m.
  • Length: 14:27

All games in this series

Show
View Real Time Build Order
Export as new Build Order

Patience Protoss 

Build Orders: 1 Gate Expand, Oracle Opening, Phoenix Opening 

Get SALT Encoding   

  12  0:00  Probe  
  13  0:13  Probe  
  14  0:17  Pylon  
  14  0:25  Probe (Chrono Boost)  
  16  0:36  Gateway  
  16  0:37  Probe (Chrono Boost)  
  16  0:43  Probe (Chrono Boost)  
  16  0:46  Assimilator  
  17  0:51  Probe  
  18  1:03  Probe  
  19  1:15  Probe  
  20  1:23  Nexus  
  20  1:33  Cybernetics Core  
  20  1:36  Probe  
  21  1:41  Assimilator  
  21  1:48  Probe  
  21  1:52  Pylon  
  22  2:00  Probe (Chrono Boost), Adept  
  23  2:12  Stargate  
  25  2:17  Probe (Chrono Boost)  
  25  2:21  Warp Gate  
  25  2:22  Probe (Chrono Boost)  
  27  2:30  Adept  
  27  2:32  Probe  
  30  2:39  Probe (Chrono Boost)  
  31  2:44  Probe (Chrono Boost)  
  33  2:55  Probe x2 (Chrono Boost)  
  33  2:57  Oracle (Chrono Boost)  
  37  3:00  Probe (Chrono Boost)  
  37  3:01  Probe  
  39  3:09  Pylon  
  39  3:11  Probe  
  40  3:14  Probe  
  41  3:23  Probe  
  41  3:25  Phoenix (Chrono Boost)  
  41  3:26  Probe  
  45  3:35  Probe (Chrono Boost)  
  45  3:36  Gateway  
  45  3:38  Gateway  
  45  3:39  Probe (Chrono Boost)  
  47  3:46  Assimilator  
  47  3:48  Pylon  
  48  3:51  Probe (Chrono Boost), Assimilator  
  48  3:53  Probe (Chrono Boost)  
  49  3:59  Probe x2 (Chrono Boost)  
  49  4:00  Twilight Council  
  51  4:07  Forge  
  52  4:10  Probe  
  52  4:11  Probe  
  52  4:15  Sentry  
  55  4:24  Probe  
  56  4:25  Probe  
  56  4:29  Protoss Ground Weapons Level 1 (Chrono Boost)  
  57  4:34  Blink (Chrono Boost), Nexus  
  57  4:35  Pylon  
  57  4:41  Probe x2  
  59  4:48  Sentry  
  59  4:50  Pylon  
  61  4:54  Sentry  
  61  4:55  Probe  
  61  4:57  Probe  
  65  5:00  Robotics Facility  
  65  5:02  Pylon  
  65  5:13  Gateway  
  65  5:14  Gateway  
  65  5:16  Gateway  
  65  5:17  Gateway  
  65  5:19  Probe  
  65  5:20  Probe  
  67  5:33  Probe (Chrono Boost)  
  69  5:37  Probe (Chrono Boost)  
  69  5:41  Sentry x2  
  69  5:42  Probe (Chrono Boost)  
  74  5:45  Probe (Chrono Boost)  
  74  5:47  Probe x2 (Chrono Boost)  
  77  5:50  Observer (Chrono Boost)  
  77  5:54  Robotics Bay, Stalker  
  77  5:56  Probe  
  81  5:58  Assimilator  
  81  5:59  Probe x2  
  81  6:02  Assimilator  
  81  6:03  Observer (Chrono Boost)  
  83  6:05  Pylon  
  83  6:08  Probe  
  83  6:10  Pylon x2  
  86  6:11  Probe x2  
  87  6:20  Probe, Pylon  
  87  6:21  Pylon  
  87  6:23  Probe x2  
  90  6:27  Observer (Chrono Boost)  
  90  6:28  Charge  
  90  6:29  Protoss Ground Armor Level 1 (Chrono Boost)  
  90  6:32  Probe  
  92  6:36  Robotics Facility  
  92  6:44  Stalker x5  
  92  6:45  Stalker x2  
  104  6:53  Nexus  
  104  6:57  Pylon  
  104  7:09  Disruptor (Chrono Boost)  
  107  7:19  Gateway  
  107  7:20  Gateway  
  107  7:24  Gateway  
  107  7:25  Observer  
  107  7:26  Pylon  
  107  7:29  Zealot x5  
  117  7:30  Zealot x2  
  117  7:35  Colossus x2 (Chrono Boost)  
  133  7:51  Stalker x5  
  143  7:54  Stalker  
  143  7:57  Stalker  
  146  8:02  Extended Thermal Lance  
  145  8:26  Zealot x10  
  161  8:31  Forge, Colossus  
  167  8:56  Zealot x2  
  167  8:57  Protoss Ground Weapons Level 2 (Chrono Boost)  
  167  9:00  Pylon  
  167  9:01  Pylon  
  167  9:02  Pylon x2  
  171  9:04  Protoss Ground Armor Level 2 (Chrono Boost)  
  169  9:14  Colossus (Chrono Boost)  
  169  9:21  Zealot x4  
  169  9:22  Zealot x4  
  152  9:48  Sentry, Stalker x3  
  152  9:49  Stalker x6  
  172  9:54  Disruptor (Chrono Boost)  
  172  10:05  Disruptor (Chrono Boost)  
  170  10:18  Pylon, Nexus  
  170  10:19  Dark Shrine  
  168  10:25  Observer  
  168  10:27  Observer  
  144  10:38  Observer  
  144  10:39  Observer  
  144  10:42  Nexus  
  146  10:44  Pylon  
  146  10:51  Sentry, Stalker x5  
  146  10:52  Stalker  
  156  11:11  Stalker x3  
  156  11:17  Disruptor x2 (Chrono Boost)  
  162  11:25  Gateway  
  168  11:26  Gateway, Observer  
  162  11:36  Stalker  
  162  11:37  Stalker x6  
  162  11:39  Probe x2  
  178  11:40  Probe  
  179  11:47  Disruptor (Chrono Boost)  
  179  11:50  Disruptor (Chrono Boost)  
  185  11:54  Probe  
  185  11:55  Probe x4  
  190  12:07  Probe x2  
  178  12:20  Zealot x9  
  148  12:46  Stalker x6  
  148  12:47  Stalker  
  148  12:48  Zealot x2  
  121  13:09  Colossus x2 (Chrono Boost)  
  127  13:28  Stalker x4  
  135  13:37  Probe  
  135  13:38  Probe x4  
  140  13:46  Sentry, Stalker x4  
  150  13:50  Probe x3, Unknown  
  150  13:52  Zealot x4  
  150  14:10  Probe x3  
  146  14:22  Zealot x5  
  146  14:23  Zealot x4  
Show
View Real Time Build Order
Export as new Build Order

Maru Terran - Winner!

Build Orders: Reaper Expand 

Get SALT Encoding   

  12  0:01  SCV  
  13  0:13  SCV  
  14  0:17  Supply Depot  
  14  0:25  SCV  
  15  0:39  SCV  
  15  0:40  Barracks  
  16  0:43  Refinery  
  16  0:51  SCV  
  17  1:03  SCV  
  18  1:15  SCV  
  19  1:27  Orbital Command, Reaper  
  20  1:41  Command Center  
  20  1:52  Supply Depot  
  20  1:53  SCV  
  21  1:59  Marine  
  22  2:05  SCV  
  23  2:09  Factory  
  23  2:17  SCV  
  23  2:20  Barracks Reactor  
  23  2:21  Refinery  
  24  2:29  SCV  
  25  2:31  Bunker  
  25  2:41  SCV  
  26  2:53  SCV, Orbital Command  
  26  2:57  Starport, Widow Mine  
  29  3:01  Marine  
  29  3:03  Marine  
  31  3:07  SCV  
  32  3:19  Marine  
  33  3:21  Marine, Factory Tech Lab  
  33  3:23  SCV  
  33  3:25  SCV  
  36  3:29  Supply Depot  
  36  3:35  SCV  
  36  3:36  Viking  
  36  3:38  SCV  
  40  3:43  Cyclone  
  40  3:47  SCV  
  44  3:52  SCV  
  45  3:56  Marine x2  
  45  3:59  SCV  
  48  4:04  SCV  
  48  4:11  SCV, Starport Tech Lab  
  48  4:12  Command Center  
  48  4:16  Cyclone  
  52  4:17  SCV  
  52  4:22  Supply Depot  
  53  4:24  SCV  
  54  4:31  Refinery  
  54  4:42  Barracks  
  54  4:43  Raven, SCV x2  
  58  4:46  Supply Depot  
  58  4:53  Barracks  
  58  4:55  SCV x2  
  58  4:56  Marine x2  
  62  5:07  Engineering Bay x2  
  62  5:08  SCV x2  
  62  5:12  Refinery  
  64  5:16  Marine x2  
  64  5:20  SCV x2  
  68  5:25  Orbital Command  
  68  5:32  SCV x2  
  68  5:34  Terran Infantry Weapons Level 1, Terran Infantry Armor Level 1  
  70  5:39  Stimpack  
  70  5:40  Factory Reactor, Starport Reactor  
  70  5:42  Marine  
  70  5:43  Marine, Marauder x2  
  70  5:46  SCV  
  70  5:47  Supply Depot  
  77  5:55  Barracks  
  77  5:56  Barracks  
  77  5:57  Combat Shield  
  77  6:03  SCV x2  
  80  6:07  Marauder, Orbital Command  
  80  6:08  Marauder  
  80  6:10  Marine x2  
  86  6:15  SCV x2  
  86  6:18  Medivac, Widow Mine x2  
  93  6:24  Supply Depot  
  93  6:32  Supply Depot  
  93  6:45  Marine, SCV x3, Medivac  
  93  6:46  Supply Depot, Marauder  
  101  6:47  Barracks Reactor, Barracks Tech Lab  
  101  6:53  Marine, Medivac  
  106  6:54  Supply Depot, Marauder  
  106  6:56  Widow Mine  
  106  6:57  SCV  
  106  6:59  SCV x2, Widow Mine  
  113  7:05  Armory  
  113  7:10  SCV  
  113  7:11  SCV x2  
  113  7:14  Marine x2, Marauder x2  
  120  7:22  SCV  
  121  7:23  SCV x2  
  121  7:24  Marauder  
  121  7:25  Supply Depot x2  
  121  7:27  Marine  
  121  7:28  Marine  
  127  7:33  Medivac x2  
  127  7:34  SCV  
  127  7:35  SCV  
  127  7:36  Marauder  
  133  7:44  Supply Depot  
  133  7:45  Refinery x2  
  133  7:47  SCV x2, Marauder  
  133  7:48  SCV  
  133  7:49  Supply Depot  
  133  7:50  Marine x2, Marauder  
  142  7:57  Marauder  
  144  8:03  Marine  
  143  8:08  Marauder, Terran Infantry Weapons Level 2, Terran Infantry Armor Level 2  
  143  8:11  Supply Depot, Marauder  
  145  8:15  Marine x2  
  145  8:17  Concussive Shells  
  145  8:18  Marauder  
  148  8:25  Marine  
  148  8:27  Widow Mine x2  
  148  8:30  Marauder  
  148  8:33  Marauder  
  148  8:34  Medivac x2  
  160  8:40  Marauder, Command Center  
  160  8:41  Supply Depot  
  162  8:47  Marine x2  
  160  8:51  Marauder  
  160  8:54  Marauder  
  164  8:58  Marine  
  164  9:01  Marauder  
  167  9:05  Medivac x2  
  167  9:06  Barracks x3  
  170  9:10  Widow Mine x2  
  170  9:12  Marauder  
  170  9:16  Marauder  
  177  9:25  Ghost Academy  
  177  9:26  Terran Ship Weapons Level 1  
  177  9:27  Marine x2, Supply Depot  
  177  9:28  Starport, Marauder  
  181  9:32  Marine  
  181  9:34  Marine  
  181  9:35  Marauder  
  181  9:37  Marauder  
  175  9:45  Marine x2, Widow Mine x2  
  167  9:49  Marauder  
  167  9:50  Marine  
  167  9:52  Marine  
  173  9:57  Marauder, Barracks Tech Lab  
  173  9:58  Barracks Reactor, Marauder, Barracks Tech Lab  
  171  10:10  Marine x2  
  171  10:11  Planetary Fortress, Marauder  
  163  10:18  Marauder  
  163  10:19  SCV x3  
  163  10:20  Marauder  
  170  10:27  Marine x3, Marauder x2  
  167  10:31  SCV x2  
  167  10:32  Marauder  
  167  10:33  Terran Infantry Weapons Level 3  
  171  10:40  Marauder  
  171  10:41  Marauder  
  175  10:45  Terran Infantry Armor Level 3  
  175  10:49  Marauder  
  177  10:53  Ghost x2  
  177  10:54  Marine x4  
  185  11:00  Ghost  
  185  11:02  Ghost  
  183  11:09  Ghost  
  182  11:13  Viking  
  182  11:14  Viking  
  180  11:21  Ghost  
  180  11:25  Viking x2  
  179  11:33  Marine x4, Ghost  
  179  11:34  Marine, Marauder x2  
  179  11:36  Refinery x2  
  179  11:38  Command Center  
  185  11:42  Enhanced Shockwaves  
  185  11:49  Marine  
  185  11:50  Marine, Marauder  
  185  11:51  Marine x2  
  191  11:55  Marauder x2  
  195  12:02  Marauder  
  195  12:05  Missile Turret  
  195  12:07  Ghost  
  199  12:13  Marine x2, Marauder  
  199  12:14  Marine  
  189  12:16  Marauder  
  189  12:17  Viking x2, Marauder  
  189  12:19  Marine x2  
  199  12:23  Marauder  
  193  12:35  Marine x3, Marauder  
  186  12:37  Marauder  
  186  12:38  Marauder  
  186  12:42  Marine, Marauder  
  167  12:44  Marine x2  
  167  12:45  Marauder  
  171  12:52  Marine  
  171  12:53  Marine x2  
  171  12:57  Marauder  
  170  12:58  Marauder  
  170  12:59  Marauder  
  170  13:00  Marine  
  170  13:02  Marine  
  170  13:03  Medivac x2  
  170  13:04  Medivac, Marauder  
  163  13:06  Marauder  
  165  13:14  Medivac  
  165  13:18  Marauder  
  165  13:19  Ghost  
  170  13:20  Ghost  
  172  13:28  Planetary Fortress  
  172  13:29  SCV  
  172  13:33  Marine, Medivac, Ghost x2  
  180  13:39  Marauder  
  182  13:42  Marine x2  
  182  13:47  Ghost  
  186  13:48  Ghost  
  188  13:56  Marine  
  188  14:01  Marauder  
  188  14:02  Marauder  
  192  14:06  Marine x2  

Tags
 
Add a new tag
Caveats
  • Supply blocks, unpowered buildings, or Contaminate may cause inaccurate times.
  • Supply counts are checked every 10 seconds.